 Dungeon Crawl Stone Soup version 0.22.1-6-g1668fe2 (webtiles) character file.

3820 pomescollege the Slinger (level 10, -1/77 HPs)
             Began as a Gnoll Hunter on Jan 25, 2019.
             Was a Follower of Ashenzari.
             Slain by a yak (11 damage)
             ... on level 7 of the Dungeon.
             The game lasted 00:32:44 (9916 turns).

pomescollege the Slinger (Gnoll Hunter)             Turns: 9916, Time: 00:32:45

Health: -1/77      AC: 12    Str: 15    XL:     10   Next: 17%
Magic:  17/17      EV:  7    Int: 17    God:    Ashenzari [*.....]
Gold:   584        SH:  0    Dex: 15    Spells: 16/18 levels left

rFire    . . .     SeeInvis .   J - +7 flail "Kime" {flame, rC+ Stlth+} (curse)
rCold    + . .     Gourm    .   (no shield)
rNeg     . . .     Faith    .   l - +0 plate armour
rPois    .         Spirit   .   (no helmet)
rElec    .         Reflect  .   k - scarf {cloud immunity} (curse)
rCorr    +         Harm     .   (no gloves)
MR       .....                  (no boots)
Stlth    ..........             (no amulet)
HPRegen  0.22/turn              o - ring of resist corrosion
MPRegen  0.15/turn              (no ring)

@: very slightly contaminated
A: distributed training, fangs 1, strong nose
a: Curse Item, Scrying, Renounce Religion


You were on level 7 of the Dungeon.
You worshipped Ashenzari.
Ashenzari was aware of your devotion.
You were full.

You visited 2 branches of the dungeon, and saw 9 of its levels.
You also visited: Ossuary.

You collected 584 gold pieces.

Inventory:

Hand Weapons
 E - the +7 long sword of Saqa {chaos, rElec rC+}
   (You found it on level 5 of the Dungeon)

   Each time it hits an enemy it has a different, random effect.
   It protects you from cold.
   It insulates you from electricity.
 J - the cursed +7 flail "Kime" (weapon) {flame, rC+ Stlth+}
   (You found it on level 6 of the Dungeon)

   It has been specially enchanted to burn those struck by it, causing extra
   injury to most foes and up to half again as much damage against particularly
   susceptible opponents.
   It protects you from cold.
   It makes you more stealthy.
   It has a curse placed upon it.
Missiles
 a - 31 sling bullets
 e - 212 stones (quivered)
Armour
 b - a +0 hat
 k - a cursed scarf of cloud immunity (worn)
 l - a +0 plate armour (worn)
 y - a +0 shield
 F - a +0 chain mail of fire resistance
Jewellery
 o - a ring of resist corrosion (left hand)
 I - an uncursed ring of fire
Wands
 c - a wand of digging (13)
 g - a wand of flame (3)
 A - a wand of polymorph (8)
Scrolls
 h - a scroll of random uselessness {unknown}
 j - 5 scrolls of remove curse
 m - a scroll of amnesia {unknown}
 p - 4 scrolls of blinking
 q - 6 scrolls of teleportation
 r - a scroll of magic mapping {unknown}
 t - a scroll of immolation {unknown}
 x - a scroll of summoning {unknown}
 z - 3 scrolls of enchant weapon
 D - 2 scrolls of fog {unknown}
 H - 2 scrolls of vulnerability {unknown}
 M - a scroll of noise {unknown}
Potions
 i - 2 potions of mutation
 s - 2 potions of ambrosia
 u - 4 potions of might {unknown}
 v - 2 potions of flight {unknown}
 w - 4 potions of brilliance
 C - a potion of agility {unknown}
 G - a potion of haste {unknown}
 K - a potion of heal wounds {unknown}
 L - a potion of lignification {unknown}
Comestibles
 f - 8 rations


   Skills:
 + Level 6.8 Fighting
 + Level 4.9 Short Blades
 + Level 4.9 Long Blades
 + Level 4.9 Axes
 + Level 4.9 Maces & Flails
 + Level 4.9 Polearms
 + Level 4.9 Staves
 + Level 9.8 Slings
 + Level 4.9 Bows
 + Level 4.9 Crossbows
 + Level 4.9 Throwing
 + Level 4.9 Armour
 + Level 6.8 Dodging
 + Level 5.5 Stealth
 + Level 4.9 Shields
 + Level 4.9 Unarmed Combat
 + Level 4.9 Spellcasting
 + Level 4.1 Conjurations
 + Level 4.1 Hexes
 + Level 4.1 Charms
 + Level 4.1 Summonings
 + Level 4.1 Necromancy
 + Level 4.1 Translocations
 + Level 4.1 Transmutations
 + Level 4.1 Fire Magic
 + Level 4.1 Ice Magic
 + Level 4.1 Air Magic
 + Level 4.1 Earth Magic
 + Level 4.1 Poison Magic
 + Level 5.4 Invocations
 + Level 4.9 Evocations


You had 16 spell levels left.
You knew the following spells:

 Your Spells              Type           Power        Failure   Level  Hunger
a - Confusing Touch       Hex            ###...       86%         1    None
b - Apportation           Tloc           ###...       86%         1    None

Your spell library contained the following spells:

 Spells                   Type           Power        Failure   Level  Hunger
 Animate Skeleton         Necr           N/A          86%         1    None
 Summon Small Mammal      Summ           ###.         86%         1    None


Dungeon Overview and Level Annotations

Branches:
Dungeon (8/15)             Temple (1/1) D:6
   Lair: D:8-11

Altars:
Ashenzari
Cheibriados
Dithmenos
Elyvilon
Fedhas
Gozag
Hepliaklqana
Kikubaaqudgha
Makhleb
Nemelex Xobeh
Okawaru
Qazlal
Ru
Sif Muna
Trog
Uskayaw
Vehumet
Wu Jian
Xom
Yredelemnul
Zin
The Shining One


Innate Abilities, Weirdness & Mutations

Your experience applies equally to all skills.
You have very sharp teeth.
Your uncanny sense of smell can sniff out nearby items.


Message History

* * * LOW HITPOINT WARNING * * *
You hit the yak. You burn the yak. You punch the yak.
You bite the yak, but do no damage.
The yak is severely wounded.
The yak gores you!
* * * LOW HITPOINT WARNING * * *
You feel better. The yak gores you but does no damage.
You hit the yak. You burn the yak. You bite the yak, but do no damage.
The yak is almost dead.
The yak gores you but does no damage.
You closely miss the yak.
The yak is severely wounded.
The yak gores you.
* * * LOW HITPOINT WARNING * * *
You barely miss the yak.
The yak is severely wounded.
The yak barely misses you. The yak gores you!
* * * LOW HITPOINT WARNING * * *
You feel better. The yak gores you!
You die...

### ### #.#########.#
#.......#...#
#.#####.#.#@#
#.#...#.#.#Y######
#.#.#.#..........#
#.#.#.###.#.####.#
######.#.#.....#.#.##.#
....##.#.####..#.#....#
................>#.####
.....#.#.#..##.#.#.#
.....#.#.#..##.#.#.##


You could see a yak.

Vanquished Creatures
  A hippogriff (D:7)
  Sigmund (D:6)
  9 yaks
  A hungry ghost (D:8)
  Edmund (D:6)
  A water moccasin (D:7)
  A porcupine (D:8)
  An orc warrior (D:7)
  A sky beast (D:7)
  A phantom (D:7)
  An ice beast (D:8)
  An ogre (D:8)
  A centaur (D:7)
  A big kobold (D:6)
  4 bullfrogs
  A centaur zombie (D:7)
  A crimson imp (D:7)
  2 bullfrog skeletons
  A bullfrog zombie (D:8)
  An orc priest (D:4)
  2 hounds
  2 orc wizards
  2 iguanas
  3 worker ants
  A big kobold zombie (Ossuary)
  8 mummies (Ossuary)
  A howler monkey skeleton (D:7)
  7 gnolls
  8 adders
  2 shadow imps
  4 oozes
  2 adder skeletons
  3 worms
  A dart slug (D:4)
  2 leopard geckos (D:2)
  23 orcs
  5 giant cockroaches
  A gnoll zombie (Ossuary)
  4 goblins
  6 hobgoblins
  3 jackals (D:2)
  A quokka (D:4)
  3 ball pythons (D:1)
  2 bats (D:1)
  9 kobolds
  4 kobold zombies (Ossuary)
  2 orc zombies (Ossuary)
  A quokka skeleton (D:5)
  2 rats (D:1)
146 creatures vanquished.

Notes
Turn   | Place    | Note
-------+----------+-------------------------------------------
     0 | D:1      | pomescollege the Gnoll Hunter began the quest for the Orb.
     0 | D:1      | Reached XP level 1. HP: 20/20 MP: 1/1
   173 | D:1      | Reached XP level 2. HP: 26/26 MP: 2/2
   808 | D:2      | Reached XP level 3. HP: 31/31 MP: 3/3
  1018 | D:2      | Reached skill level 1 in Invocations
  1203 | D:2      | Found an iron altar of Okawaru.
  1794 | D:3      | Reached skill level 1 in Short Blades
  1794 | D:3      | Reached skill level 1 in Long Blades
  1794 | D:3      | Reached skill level 1 in Axes
  1794 | D:3      | Reached skill level 1 in Maces & Flails
  1794 | D:3      | Reached skill level 1 in Polearms
  1794 | D:3      | Reached skill level 1 in Staves
  1794 | D:3      | Reached skill level 1 in Bows
  1794 | D:3      | Reached skill level 1 in Crossbows
  1794 | D:3      | Reached skill level 1 in Throwing
  1794 | D:3      | Reached skill level 1 in Armour
  1794 | D:3      | Reached skill level 1 in Shields
  1794 | D:3      | Reached skill level 1 in Unarmed Combat
  1794 | D:3      | Reached skill level 1 in Spellcasting
  1794 | D:3      | Reached skill level 1 in Evocations
  1816 | D:3      | Reached XP level 4. HP: 32/38 MP: 5/5
  2283 | D:3      | Noticed an orc warrior
  2851 | D:4      | Reached skill level 1 in Conjurations
  2851 | D:4      | Reached skill level 1 in Hexes
  2851 | D:4      | Reached skill level 1 in Charms
  2851 | D:4      | Reached skill level 1 in Summonings
  2851 | D:4      | Reached skill level 1 in Necromancy
  2851 | D:4      | Reached skill level 1 in Translocations
  2851 | D:4      | Reached skill level 1 in Transmutations
  2851 | D:4      | Reached skill level 1 in Fire Magic
  2851 | D:4      | Reached skill level 1 in Ice Magic
  2851 | D:4      | Reached skill level 1 in Air Magic
  2851 | D:4      | Reached skill level 1 in Earth Magic
  2851 | D:4      | Reached skill level 1 in Poison Magic
  2866 | D:4      | Reached XP level 5. HP: 24/43 MP: 6/6
  3402 | D:4      | Found a radiant altar of Vehumet.
  3539 | D:4      | Reached XP level 6. HP: 14/50 MP: 8/8
  4013 | D:5      | Entered Level 5 of the Dungeon
  4015 | D:5      | Found an opulent altar of Gozag.
  4292 | D:5      | Reached skill level 5 in Fighting
  4292 | D:5      | Reached skill level 5 in Dodging
  4428 | D:5      | Found a shadowy altar of Dithmenos.
  4810 | D:5      | Got a slimy long sword
  4812 | D:5      | Identified the +7 long sword of Saqa {chaos, rElec rC+}
                  | (You found it on level 5 of the Dungeon)
  4861 | D:6      | Found a staircase to the Ecumenical Temple.
  4866 | D:6      | Noticed Sigmund
  4884 | Temple   | Entered the Ecumenical Temple
  5123 | Temple   | Became a worshipper of Ashenzari the Shackled
  5179 | D:6      | Killed Sigmund
  5179 | D:6      | Reached XP level 7. HP: 50/56 MP: 10/10
  5239 | D:6      | Noticed Edmund
  5270 | D:6      | Killed Edmund
  5431 | D:6      | Reached skill level 9 in Slings
  5469 | D:6      | Reached XP level 8. HP: 32/63 MP: 12/12
  5563 | D:6      | Found a blossoming altar of Fedhas.
  5692 | D:6      | Got the flail "Kime" {flame, rC+ Stlth+}
  5693 | D:6      | Identified the +7 flail "Kime" {flame, rC+ Stlth+} (You
                  | found it on level 6 of the Dungeon)
  5764 | D:6      | Noticed Blork the orc
  5765 | D:6      | Noticed Blork
  5765 | D:6      | Blork the orc changed into Blork the ooze
  5773 | D:6      | Killed Blork the ooze
  6178 | D:7      | Noticed a yak
  6178 | D:7      | Noticed a yak
  6179 | D:7      | Noticed a yak
  6181 | D:7      | Noticed a yak
  6181 | D:7      | Noticed a yak
  6199 | D:6      | Killed a yak
  6482 | D:6      | Killed a yak
  6693 | D:7      | Killed a yak
  6693 | D:7      | Reached XP level 9. HP: 32/69 MP: 14/14
  6701 | D:7      | Found a sand-covered staircase.
  6739 | Ossuary  | Entered an ossuary
  7976 | D:7      | Reached skill level 5 in Stealth
  8106 | D:7      | Found a basalt altar of Yredelemnul.
  8405 | D:8      | Learned a level 1 spell: Confusing Touch
  8407 | D:8      | Learned a level 1 spell: Apportation
  8736 | D:8      | Reached skill level 5 in Invocations
  8978 | D:8      | Reached * piety under Ashenzari
  9001 | D:8      | Reached XP level 10. HP: 54/77 MP: 15/17
  9512 | D:8      | Noticed Joseph
  9515 | D:8      | Noticed Joseph
  9515 | D:8      | Joseph changed into Joseph the tengu
  9516 | D:8      | Noticed Joseph
  9516 | D:8      | Joseph the tengu changed into Joseph the porcupine
  9522 | D:8      | Killed Joseph the porcupine
  9916 | D:7      | Slain by a yak

Skill      XL: |  1  2  3  4  5  6  7  8  9 10 |
---------------+-------------------------------+-----
Invocations    | 1 2 3 4 5 |  5.4
Short Blades   | 1 2 3 4 |  4.9
Long Blades    | 1 2 3 4 |  4.9
Axes           | 1 2 3 4 |  4.9
Maces & Flails | 1 2 3 4 |  4.9
Polearms       | 1 2 3 4 |  4.9
Staves         | 1 2 3 4 |  4.9
Bows           | 1 2 3 4 |  4.9
Crossbows      | 1 2 3 4 |  4.9
Throwing       | 1 2 3 4 |  4.9
Armour         | 1 2 3 4 |  4.9
Shields        | 1 2 3 4 |  4.9
Unarmed Combat | 1 2 3 4 |  4.9
Spellcasting   | 1 2 3 4 |  4.9
Evocations     | 1 2 3 4 |  4.9
Conjurations   | 1 2 3 4 |  4.1
Hexes          | 1 2 3 4 |  4.1
Charms         | 1 2 3 4 |  4.1
Summonings     | 1 2 3 4 |  4.1
Necromancy     | 1 2 3 4 |  4.1
Translocations | 1 2 3 4 |  4.1
Transmutations | 1 2 3 4 |  4.1
Fire Magic     | 1 2 3 4 |  4.1
Ice Magic      | 1 2 3 4 |  4.1
Air Magic      | 1 2 3 4 |  4.1
Earth Magic    | 1 2 3 4 |  4.1
Poison Magic   | 1 2 3 4 |  4.1
Stealth        | 3 4 5 |  5.5
Fighting       | 5 6 |  6.8
Dodging        | 5 6 |  6.8
Slings         | 9 |  9.8

Action                   |  1- 3 |  4- 6 |  7- 9 | 10-12 || total
-------------------------+-------+-------+-------+-------++-------
Melee: Hand axe          |    69 |   197 |    46 |       ||   312
       Bite              |     6 |    16 |    20 |     7 ||    49
       Long sword        |       |     8 |       |       ||     8
       Punch             |       |     1 |     2 |     1 ||     4
       Flail             |       |       |   188 |    33 ||   221
 Fire: Hunting sling     |    18 |     7 |    32 |       ||    57
Throw: Stone             |     8 |     7 |    56 |     2 ||    73
Invok: Curse Item        |       |       |     2 |       ||     2
Evoke: Wand              |       |       |    43 |     5 ||    48
  Use: Scroll            |       |     5 |     4 |     3 ||    12
       Potion            |       |     2 |     1 |     3 ||     6
 Stab: Sleeping          |     2 |       |       |       ||     2
  Eat: Chunk             |     3 |     7 |     7 |       ||    17
       Ration            |       |     1 |     4 |     2 ||     7
Armor: Leather armour    |     4 |       |       |       ||     4
       Plate armour      |    33 |   157 |   124 |    13 ||   327
Dodge: Dodged            |    29 |    92 |    69 |    11 ||   201
       Rpst.: Long sword |       |     1 |       |       ||     1
